 Dungeon Crawl Stone Soup version 0.28.0-53-g5a82cb258f (webtiles) character file.

Game seed: 14072206558100870541

26 issech the Ducker (level 2, -9/27 HPs)
             Began as a Minotaur Monk on June 10, 2022.
             Killed by divine providence
             ... invoked by an orc priest
              (11 damage)
             ... on level 2 of the Dungeon.
             The game lasted 00:01:46 (451 turns).

issech the Ducker (Minotaur Monk)                    Turns: 451, Time: 00:01:47

Health: -9/27      AC:  8    Str: 15    XL:     2   Next: 89%
Magic:  1/1        EV:  7    Int:  7    God:
Gold:   0          SH:  0    Dex: 12    Spells: 1/1 levels left

rFire   . . .      SeeInvis .   a - +0 hand axe
rCold   . . .      Faith    .   (no shield)
rNeg    . . .      Spirit   .   f - +0 chain mail
rPois   .          Reflect  .   (helmet restricted)
rElec   .          Harm     .   (no cloak)
rCorr   .          Rampage  .   (no gloves)
Will    .....                   (no boots)
Stlth   ..........              (no amulet)
HPRegen 0.09/turn               (no ring)
MPRegen 0.07/turn               (no ring)

@: no status effects
A: horns 2, retaliatory headbutt
a: no special abilities


You were on level 2 of the Dungeon.
You visited 1 branch of the dungeon, and saw 2 of its levels.

Inventory:

Hand Weapons
 a - a +0 hand axe (weapon)
 k - a +0 hunting sling
Missiles
 c - 11 arrows
 e - 13 bolts
 h - 4 javelins (quivered)
 j - 19 stones
Armour
 b - a +0 robe
 f - a +0 chain mail (worn)
Wands
 g - a wand of flame (13)
Scrolls
 i - a scroll of teleportation {unknown}
Potions
 d - a potion of invisibility {unknown}


   Skills:
 + Level 4.0 Fighting
 + Level 3.9 Axes
 + Level 4.1 Dodging
 + Level 1.5 Stealth


You had one spell level left.
You didn't know any spells.
Your spell library was empty.

Dungeon Overview and Level Annotations

Branches:
Dungeon (1/15)

Altars:
Ashenzari


Innate Abilities, Weirdness & Mutations

You have a pair of horns on your head.
You reflexively headbutt those who attack you in melee.


Message History

The worm bites you.
You hit the worm.
The worm is almost dead.
You barely miss the worm.
The worm is almost dead.
The worm bites you but does no damage.
You hit the worm.
You kill the worm!
The orc priest begins to cast a cantrip, but forgets the words!
Your Fighting skill increases to level 4!
You slash the orc!
You kill the orc!
You barely miss the orc priest.
The orc priest invokes the aid of Beogh against you.
Beogh smites you!
* * * LOW HITPOINT WARNING * * *
You hit the orc priest.
The orc priest is lightly wounded.
The orc priest hits you with a +0 club.
* * * LOW HITPOINT WARNING * * *
The orc priest hits you but does no damage.
You completely miss the orc priest.
You headbutt the orc priest, but do no damage.
The orc priest is lightly wounded.
The orc priest hits you with a +0 club.
* * * LOW HITPOINT WARNING * * *
You closely miss the orc priest.
The orc priest is lightly wounded.
The orc priest hits you but does no damage.
You hit the orc priest but do no damage.
The orc priest is lightly wounded.
The orc priest hits you but does no damage.
You hit the orc priest.
The orc priest is heavily wounded.
The orc priest completely misses you.
You barely miss the orc priest.
The orc priest is heavily wounded.
The orc priest invokes the aid of Beogh against you.
Beogh smites you!
You die...

# ##.## # #.# .# # #.#
.#. # ##+## ...( #
##...## ..... ##
##.....## #..<.. .##
##.......## #....#
..####.........####.....#
.....'.........'@o).....#
..####.........####.....#
..# ##.......## #....#
#.# ##.....## #...# ..#
##...## ..... #.# ##+##
#.## ..# .# ..# # #


You could see an orc priest.

Vanquished Creatures
  A worm (D:2)
  2 orcs (D:2)
  An endoplasm (D:1)
  A giant cockroach (D:2)
  5 goblins (D:2)
  A hobgoblin (D:2)
  4 jackals (D:2)
  A bat (D:2)
  A frilled lizard (D:2)
  A rat (D:1)
18 creatures vanquished.

Notes
Turn   | Place    | Note
-------+----------+-------------------------------------------
     0 | D:1      | issech the Minotaur Monk began the quest for the Orb.
     0 | D:1      | Reached XP level 1. HP: 19/19 MP: 0/0
    60 | D:1      | You fall into a shaft and drop 1 floor!
   138 | D:2      | Found a broken altar of Ashenzari.
   155 | D:2      | Reached XP level 2. HP: 26/27 MP: 1/1
   402 | D:2      | Found a faded altar of an unknown god.
   446 | D:2      | HP: 1/27 [orc priest/+0 club (2)]
   451 | D:2      | Killed from afar by an orc priest

Illustrated notes

Levels and vault maps discovered:
D:1:      roderic_crossed_star, layout_basic
D:2:      layout_loops_corners, chequers_ecumenical_altar_simple, basic_altar,
          uniq_robin

Skill      XL: |  1  2 |
---------------+-------+-----
Dodging        | 4 |  4.1
Fighting       | 4 |  4.0
Axes           | |  3.9
Stealth        | |  1.5

Action                   || total
-------------------------++-------
Melee: Hand axe          ||    49
       Headbutt          ||     8
 Fire: Hunting sling     ||     1
Armor: Chain mail        ||    38
Dodge: Dodged            ||    19
